 Dungeon Crawl Stone Soup version 0.27-a0-1281-ge233d83751 (webtiles) character file.

Game seed: 5488016572396260911

59462 porpoise the Grappler (level 14, -1/92 HPs)
             Began as a Demonspawn Fighter on June 13, 2021.
             Was a High Priest of Yredelemnul.
             Slain by a thrashing horror (19 damage)
             ... on level 2 of the Abyss.
             The game lasted 01:51:52 (27001 turns).

porpoise the Grappler (Demonspawn Fighter)         Turns: 27001, Time: 01:51:53

Health: -1/92      AC: 24    Str: 27 (28) XL:     14   Next: 53%
Magic:  17/17      EV:  7    Int:  4 (9)  God:    Yredelemnul [*****.]
Gold:   2596       SH: 10    Dex:  7 (9)  Spells: 13/13 levels left

rFire    + . .     SeeInvis .     - Unarmed
rCold    + . .     Faith    .   a - +0 kite shield
rNeg     . . .     Spirit   .   D - +2 gold dragon scales
rPois    +         Reflect  .   n - +0 helmet
rElec    .         Harm     .   s - +0 cloak
rCorr    +         Rampage  .   (no gloves)
Will     +....     Rnd*Tele +   C - +1 pair of boots
Stlth    ..........             r - amulet of Duhae {Acrobat Regen+ Str+4 Int+4 Slay+2}
HPRegen  1.25/turn              B - +6 ring of strength
MPRegen  0.15/turn              f - ring of resist corrosion

@: unable to read
A: claws 1, icemail 2, sturdy frame 2, condensation shield, demonic magic 2,
[clumsy 2], [deterioration 2], [dopey 2], [frail 2], [low mp 2], [teleportitis
2], [weak 2], [inability to read while threatened]
a: Renounce Religion, Recall Undead Slaves, Injury Mirror, Animate Dead, Drain
Life, Enslave Soul


You were on level 2 of the Abyss.
You worshipped Yredelemnul.
Yredelemnul was extremely pleased with you.
You visited 3 branches of the dungeon, and saw 20 of its levels.
You visited the Abyss 2 times.
You also visited: Sewer and Bailey.

You collected 2596 gold pieces.

Inventory:

Hand Weapons
 b - the +8 hand crossbow "Goxaej" {venom, rCorr Str+6 Int+4 Dex-3}
   (You acquired it on level 4 of the Dungeon)

   It poisons the ammo it fires.
   It affects your strength (+6).
   It affects your intelligence (+4).
   It affects your dexterity (-3).
   It protects you from acid and corrosion.
 w - a +2 vampiric trident
Missiles
 d - 15 poisoned darts
 g - 107 bolts
 x - 17 javelins (quivered)
 I - a throwing net
Armour
 a - a +0 kite shield (worn)
 n - a +0 helmet (worn)
 s - a +0 cloak (worn)
 C - a +1 pair of boots (worn)
 D - +2 gold dragon scales (worn)
Jewellery
 f - a ring of resist corrosion (right claw)
 r - the amulet of Duhae (around neck) {Acrobat Regen+ Str+4 Int+4 Slay+2}
   (You acquired it on level 12 of the Dungeon)

   [amulet of the acrobat]

   It increases your evasion while moving and waiting.
   It affects your strength (+4).
   It affects your intelligence (+4).
   It affects your accuracy and damage with ranged weapons and melee attacks
   (+2).
   It increases your rate of health regeneration.
 v - a ring of protection from cold
 B - a +6 ring of strength (left claw)
 F - a ring of flight
 O - a ring of see invisible
Wands
 l - a wand of mindburst (15)
 G - a wand of acid (13)
 K - a wand of iceblast (23)
 P - a wand of paralysis (8)
 R - a wand of digging (3)
 S - a wand of polymorph (11)
 W - a wand of flame (106)
Scrolls
 e - 2 scrolls of identify
 h - 5 scrolls of teleportation
 k - 3 scrolls of silence
 m - 3 scrolls of magic mapping
 o - a scroll of amnesia
 p - 3 scrolls of immolation
 A - a scroll of blinking
 J - a scroll of brand weapon
 N - a scroll of fog
 Y - 2 scrolls of vulnerability
Potions
 c - a potion of curing
 i - 5 potions of lignification
 j - 6 potions of ambrosia
 z - a potion of might
 L - 3 potions of haste
 M - 3 potions of cancellation
 Q - 2 potions of heal wounds
 Z - 2 potions of resistance
Miscellaneous
 u - a tin of tremorstones (2/2)
 X - a phantom mirror


   Skills:
 - Level 12.0 Fighting
 - Level 6.0 Polearms
 - Level 9.0 Armour
 - Level 9.0 Dodging
 + Level 6.3 Shields
 - Level 12.0 Unarmed Combat
 + Level 11.0 Invocations
 - Level 7.0 Evocations


You had 13 spell levels left.
You didn't know any spells.
Your spell library contained the following spells:

 Spells                   Type           Power      Damage    Failure   Level
 Foxfire                  Conj/Fire      0%         2x1d4     100%        1
 Magic Dart               Conj           0%         1d3       100%        1
 Summon Small Mammal      Summ           0%         N/A       100%        1
 Blink                    Tloc           N/A        N/A       100%        2
 Call Imp                 Summ           0%         N/A       100%        2
 Slow                     Hex            0%         N/A       100%        2
 Call Canine Familiar     Summ           0%         N/A       100%        3
 Confusing Touch          Hex            0%         N/A       100%        3
 Conjure Flame            Conj/Fire      0%         6-21      100%        3
 Gell's Gravitas          Tloc           0%         N/A       100%        3
 Ignite Poison            Fire/Tmut/Pois 0%         N/A       100%        3
 Inner Flame              Hex/Fire       0%         N/A       100%        3
 Mephitic Cloud           Conj/Pois/Air  0%         N/A       100%        3
 Summon Guardian Golem    Hex/Summ       0%         N/A       100%        3
 Petrify                  Tmut/Erth      0%         N/A       100%        4
 Sticky Flame             Conj/Fire      0%         2d3       100%        4
 Summon Ice Beast         Ice/Summ       0%         N/A       100%        4
 Summon Lightning Spire   Summ/Air       0%         N/A       100%        4
 Fireball                 Conj/Fire      0%         3d3       100%        5
 Irradiate                Conj/Tmut      0%         3d13      100%        5
 Metabolic Englaciation   Hex/Ice        0%         N/A       100%        5
 Silence                  Hex/Air        0%         N/A       100%        5
 Yara's Violent Unravell  Hex/Tmut       0%         3d3       100%        5
 Blade Hands              Tmut           0%         N/A       100%        6
 Conjure Ball Lightning   Conj/Air       0%         3x3d6     100%        6
 Statue Form              Tmut/Erth      0%         N/A       100%        6
 Dragon Form              Tmut           0%         N/A       100%        7
 Storm Form               Tmut/Air       0%         N/A       100%        7
 Ignition                 Fire           0%         3d3       100%        8


Dungeon Overview and Level Annotations

Branches:
Dungeon (14/15)            Temple (1/1) D:5            Lair (5/6) D:11
  Swamp (0/4) Lair:4        Snake (0/4) Lair:3        Slime (0/5) Lair:5
    Orc (0/2) D:10          Sewer (visited)          Bailey (visited)
 Vaults: D:13-14

Altars:
Ashenzari
Cheibriados
Dithmenos
Elyvilon
Fedhas
Gozag
Hepliaklqana
Kikubaaqudgha
Makhleb
Nemelex Xobeh
Okawaru
Qazlal
Ru
Sif Muna
Trog
Uskayaw
Vehumet
Wu Jian
Xom
Yredelemnul
Zin
The Shining One
Jiyva

Portals:
Trove: D:10 (give 7 scrolls of fear)

Annotations:
D:12 3 runed translucent doors, pigah's ghost, journeyman OpWn
Lair:2 3 runed translucent doors, porpoise's ghost, journeyman DECj
Lair:5 oklobs, exclusion: 3 oklob plants


Innate Abilities, Weirdness & Mutations

You have sharp fingernails.
A meltable icy envelope protects you from harm. (AC +0)
Your movements are less encumbered by armour. (ER -4)
A meltable shield of frost defends you. (SH +0)
Spells you cast may paralyse nearby enemies.
[You are very clumsy. (Dex -4)]
[Your body often deteriorates upon taking damage.]
[You are very dopey. (Int -4)]
[You are very frail. (-20% HP)]
[Your magical capacity is very low. (-20% MP)]
[You are sometimes teleported next to monsters.]
[You are very weak. (Str -4)]
[You sometimes lose the ability to read scrolls when taking damage.]


Message History

* * * LOW HITPOINT WARNING * * *
You stumble backwards!
The thrashing horror misses you.
You block the thrashing horror's attack.
The thrashing horror roars!
You block the thrashing horror's attack.
The thrashing horror misses you.
The thrashing horror roars!
The thrashing horror misses you. The thrashing horror barely misses you.
The thrashing horror closely misses you.
The thrashing horror misses you.
The thrashing horror closely misses you.
The thrashing horror tramples you.
* * * LOW HITPOINT WARNING * * *
You stumble backwards!
You barely miss the thrashing horror.
The thrashing horror is moderately damaged.
You recover from your berserk rage.
You block the thrashing horror's attack.
The thrashing horror completely misses you.
The thrashing horror tramples you but does no damage.
The thrashing horror barely misses you.
You claw the thrashing horror!
The thrashing horror is heavily damaged.
The thrashing horror tramples you but does no damage.
You block the thrashing horror's attack.
You claw the thrashing horror!
The thrashing horror is severely damaged.
You block the thrashing horror's attack.
The thrashing horror misses you.
Your shield and gold dragon scales prevent you from hitting the thrashing horror.
The thrashing horror is severely damaged.
You block the thrashing horror's attack. x2
The small abomination barely misses you.
The thrashing horror tramples you but does no damage. x2
You block the small abomination's attack.
You scratch the thrashing horror.
The thrashing horror is severely damaged.
The thrashing horror tramples you!!
You die...
Your body rises from the dead as a mindless zombie.

# # ###.
#..## #
#..##
..##.###x@.#
. ##
..#.X###
###......##
###........#
.........##
#.........#
#. .......#
#.........
#. ... .##


You could see a thrashing horror (strong) and a small abomination.

Vanquished Creatures
  A tentacled starspawn (Abyss:2)
  A great orb of eyes (Abyss:2)
  2 boulder beetles
  2 vault guards (D:14)
  A catoblepas (Lair:4)
  3 hydras
  Erica (D:10)
  2 death knights
  A centaur warrior (D:12)
  A tengu warrior (D:13)
  2 two-headed ogres
  10 death yaks
  A skeletal warrior (Abyss:2)
  Pikel (D:4)
  A deep elf archer (D:14)
  A swamp dragon (Lair:5)
  An orc knight (D:14)
  A deep elf zephyrmancer (D:12)
  2 ugly things
  4 cyclopes
  4 slime creatures
  Maurice (D:10)
  A guardian serpent (Lair:3)
  A centaur zombie (D:10)
  An elephant (Lair:5)
  3 black mambas
  2 gargoyles
  5 cane toads
  Psyche (D:9)
  6 komodo dragons
  A rime drake (Lair:5)
  2 efreet
  An unseen horror (D:12)
  3 freezing wraiths (D:12)
  A tengu conjurer (D:13)
  3 trolls
  A queen bee (D:11)
  7 blink frogs
  Grinder (D:6)
  A polar bear (Lair:3)
  6 raiju (Abyss:2)
  A meliai zombie (D:11)
  14 yaks
  A vampire (D:11)
  A spriggan (Lair:1)
  A shadow (D:12)
  A wyvern (Lair:2)
  4 wraiths
  2 steam dragons
  9 vampire mosquitoes
  A chaos spawn (Abyss:2)
  2 swamp worms
  3 acid dragons
  5 water moccasins
  A swamp drake (Lair:5)
  7 orc warriors
  2 necrophages
  3 ice beasts
  2 ogres
  2 black bears
  7 wolves
  3 centaurs
  A kobold brigand (D:9)
  10 bullfrogs
  A wyvern zombie (D:8)
  5 scorpions
  A wyvern skeleton (D:7)
  2 water moccasin skeletons (D:6)
  16 killer bees
  4 wights (D:8)
  2 electric eels
  2 howler monkeys
  A bullfrog skeleton (D:5)
  6 hounds
  A jelly (D:4)
  A gnoll shaman (D:6)
  10 orc priests
  Crazy Yiuf (D:6)
  A centaur skeleton (D:6)
  An iguana (D:4)
  10 orc wizards
  2 hound zombies
  A cane toad zombie (Lair:5)
  3 howler monkey zombies
  13 gnolls
  7 adders
  2 river rats (D:2)
  3 white imps
  A water moccasin zombie (Lair:5)
  A worm (D:2)
  38 orcs
  11 ball pythons
  6 bats
  5 endoplasms
  5 giant cockroaches
  14 goblins
  7 hobgoblins
  21 jackals
  26 kobolds
  4 quokkas
  10 frilled lizards
  A goblin zombie (D:8)
  3 rats
  A bush (Lair:1)
  A starspawn tentacle (Abyss:2)
425 creatures vanquished.

Vanquished Creatures (collateral kills)
  5 hydras
  4 death yaks
  A goliath frog (Lair:5)
  2 swamp dragons (Lair:5)
  A deep elf pyromancer (D:13)
  A cyclops (D:11)
  An oklob plant (Lair:5)
  A manticore (D:11)
  4 elephants (Lair:5)
  A black mamba (Lair:5)
  5 cane toads
  A gargoyle (D:11)
  A komodo dragon (Lair:5)
  A rime drake (Lair:4)
  3 efreet
  A yaktaur (D:14)
  A troll (D:11)
  A guardian mummy (D:10)
  A polar bear (Lair:5)
  2 slime creatures (D:11)
  2 blink frogs (Lair:2)
  A meliai zombie (D:11)
  A water elemental (D:13)
  15 yaks
  A wraith (D:11)
  A basilisk (D:13)
  4 vampire mosquitoes
  2 swamp worms (Lair:5)
  A sky beast (D:7)
  2 orc warriors
  A wolf (Lair:2)
  A centaur (D:11)
  An ogre (D:7)
  A kobold brigand (D:7)
  A wyvern zombie (D:5)
  19 killer bees
  An electric eel (D:13)
  A howler monkey (D:9)
  A centaur zombie (D:9)
  3 orc priests
  A killer bee zombie (D:7)
  A white imp (D:7)
  3 orcs
  A goblin zombie (D:8)
  5 kobolds
  3 bushes (Lair:1)
112 creatures vanquished.

Vanquished Creatures (others)
  A phantasmal warrior (D:14)
  4 flying skulls
  A vampire (D:13)
  3 wights
  A death yak zombie (Lair:5)
  A swamp worm zombie (Lair:5)
  A black mamba zombie (Lair:5)
  A catoblepas zombie (Lair:4)
  2 centaur zombies
  A mummy (D:10)
  A hydra zombie (Lair:5)
  5 wolf zombies
  A black bear zombie (Lair:1)
  4 blink frog zombies
  A swamp dragon zombie (Lair:5)
  A two-headed ogre zombie (D:9)
  3 water moccasin zombies
  3 cane toad zombies
  A rime drake zombie (Lair:5)
  A cyclops zombie (D:11)
  6 kobold zombies
  An ogre zombie (D:7)
  A queen bee zombie (D:11)
  4 yak zombies
  A bullfrog skeleton (Lair:1)
  A bullfrog zombie (Lair:1)
  An electric eel zombie (Lair:5)
  2 gnoll zombies (Bailey)
  A goblin zombie (Bailey)
  A howler monkey zombie (D:9)
  2 human zombies (D:10)
  8 killer bee zombies
  15 orc zombies
  A sky beast zombie (D:7)
  6 vampire mosquito zombies (Lair:5)
  27 fungi
  63 plants
  6 starspawn tentacles (Abyss:2)
  2 withered plants (D:2)
186 creatures vanquished.

Grand Total: 723 creatures vanquished

Notes
Turn   | Place    | Note
-------+----------+-------------------------------------------
     0 | D:1      | porpoise the Demonspawn Fighter began the quest for the
                  | Orb.
     0 | D:1      | Reached XP level 1. HP: 18/18 MP: 1/1
   275 | D:1      | Gained mutation: A meltable shield of frost defends you.
                  | (SH +0) [demonic ancestry]
   275 | D:1      | Reached XP level 2. HP: 24/24 MP: 2/2
  1046 | D:2      | Reached XP level 3. HP: 13/29 MP: 3/3
  1774 | D:2      | Gained mutation: Spells you cast may paralyse adjacent
                  | enemies. [demonic ancestry]
  1774 | D:2      | Reached XP level 4. HP: 36/37 MP: 4/4
  1906 | D:2      | Found a faded altar of an unknown god.
  2322 | D:3      | Found a glowing drain.
  2621 | Sewer    | Entered a sewer
  3411 | D:3      | Reached XP level 5. HP: 35/43 MP: 5/5
  3994 | D:4      | Identified 2 scrolls of acquirement
  3994 | D:4      | Acquired the +8 hand crossbow "Goxaej" {venom, rCorr Str+6
                  | Int+4 Dex-3}
  3998 | D:4      | Acquired a +4 plate armour of poison resistance
  4638 | D:4      | Reached skill level 5 in Fighting
  4638 | D:4      | Gained mutation: Your movements are slightly less
                  | encumbered by armour. (ER -2) [demonic ancestry]
  4638 | D:4      | Reached XP level 6. HP: 49/51 MP: 6/6
  4685 | D:4      | Noticed Pikel
  4741 | D:4      | Killed Pikel
  4742 | D:4      | Reached skill level 5 in Polearms
  4742 | D:4      | Gained mutation: A meltable icy envelope protects you from
                  | harm. (AC +0) [demonic ancestry]
  4742 | D:4      | Reached XP level 7. HP: 27/58 MP: 7/7
  5349 | D:4      | You fall into a shaft and drop 1 floor!
  5349 | D:5      | Entered Level 5 of the Dungeon
  5355 | D:5      | Reached skill level 1 in Dodging
  5941 | D:5      | Gained mutation: You have sharp fingernails. [demonic
                  | ancestry]
  5941 | D:5      | Reached XP level 8. HP: 64/64 MP: 8/8
  6178 | D:5      | Found a staircase to the Ecumenical Temple.
  6206 | Temple   | Entered the Ecumenical Temple
  6285 | Temple   | Became a worshipper of Yredelemnul the Dark
  6434 | D:6      | Noticed Grinder
  6447 | D:5      | Reached skill level 5 in Armour
  6486 | D:6      | Killed Grinder
  6553 | D:6      | Identified the +1 leather armour of Vanity {Rampage
                  | *Corrode Str+2 Dex+7}
  6862 | D:6      | Reached skill level 1 in Unarmed Combat
  6971 | D:6      | Reached XP level 9. HP: 64/69 MP: 9/9
  7427 | D:6      | Found a runed translucent door.
  7429 | D:6      | Noticed Crazy Yiuf
  7434 | D:6      | Killed Crazy Yiuf
  7528 | D:6      | Reached * piety under Yredelemnul
  8679 | D:7      | Noticed a cyclops
  8796 | D:7      | Reached skill level 1 in Invocations
  9005 | D:7      | Reached skill level 5 in Unarmed Combat
  9700 | D:7      | Killed a cyclops
  9915 | D:8      | Found a flagged portal.
  9945 | D:8      | Gained mutation: Your movements are less encumbered by
                  | armour. (ER -4) [demonic ancestry]
  9945 | D:8      | Reached XP level 10. HP: 44/71 MP: 13/13
 10100 | Bailey   | Entered a bailey
 10109 | Bailey   | Reached ** piety under Yredelemnul
 10330 | Bailey   | Reached skill level 5 in Invocations
 10728 | D:8      | Found a shadowy altar of Dithmenos.
 11876 | D:9      | Noticed a two-headed ogre
 11885 | D:9      | Killed a two-headed ogre
 11885 | D:9      | Reached *** piety under Yredelemnul
 12042 | D:9      | Noticed Psyche
 12072 | D:9      | Killed Psyche
 12130 | D:9      | Received a gift from Yredelemnul (a mummy)
 12140 | D:9      | Reached skill level 1 in Evocations
 12413 | D:5      | Identified the +8 hand axe of Disgust {antimagic, rF+ rC+++
                  | Will+ Str-3}
 12911 | D:10     | Entered Level 10 of the Dungeon
 12938 | D:9      | Reached skill level 5 in Dodging
 13105 | D:10     | Noticed Maurice
 13110 | D:10     | Killed Maurice
 13111 | D:10     | Gained mutation: A meltable icy envelope protects you from
                  | harm. (AC +0) [demonic ancestry]
 13111 | D:10     | Reached XP level 11. HP: 81/81 MP: 13/16
 13294 | D:10     | Found a staircase to the Orcish Mines.
 13382 | D:10     | Noticed Erica
 13382 | D:10     | Noticed a purple ugly thing
 13390 | D:10     | Killed Erica
 13397 | D:10     | Killed a purple ugly thing
 13465 | D:10     | Found a portal to a secret trove of treasure.
 13753 | D:10     | Your ally Maurice died
 13753 | D:10     | Your ally Erica died
 13957 | D:10     | Reached skill level 5 in Evocations
 14424 | D:11     | Found a staircase to the Lair.
 15295 | D:11     | Received a gift from Yredelemnul (4 flying skulls)
 15763 | D:11     | Noticed a four-headed hydra
 15768 | D:11     | Killed a four-headed hydra
 16228 | D:11     | Reached skill level 5 in Shields
 16451 | D:11     | Identified the +9 mace of Qyll {holy, rElec rPois Str+2}
 16715 | D:12     | Noticed a death knight
 17320 | Lair:1   | Entered Level 1 of the Lair of Beasts
 17572 | D:11     | Killed a death knight
 17850 | D:11     | Reached XP level 12. HP: 54/95 MP: 17/17
 18265 | D:12     | Noticed a centaur warrior
 18290 | D:12     | Killed a centaur warrior
 18290 | D:12     | Reached **** piety under Yredelemnul
 18571 | D:12     | Identified Asmodeus's Almanac of Fire
 18781 | D:12     | Found a runed translucent gate.
 18781 | D:12     | Found a runed translucent gate.
 18781 | D:12     | Noticed a 13-headed hydra
 18781 | D:12     | Noticed a 12-headed hydra
 18782 | D:12     | Noticed pigah's ghost (journeyman OpWn)
 18784 | D:12     | Found a runed translucent gate.
 18999 | D:12     | Noticed a boulder beetle
 19017 | D:12     | Killed a boulder beetle
 19300 | D:12     | Acquired the amulet of Duhae {Acrobat Regen+ Str+4 Int+4
                  | Slay+2}
 20003 | Lair:1   | Noticed a five-headed hydra
 20013 | Lair:1   | Killed a five-headed hydra
 20014 | Lair:1   | Received a gift from Yredelemnul (a wight)
 20014 | Lair:1   | Reached skill level 10 in Unarmed Combat
 20650 | Lair:2   | Noticed porpoise's ghost (journeyman DECj)
 20676 | Lair:2   | Found a runed translucent gate.
 20676 | Lair:2   | Found a runed translucent gate.
 20676 | Lair:2   | Found a runed translucent gate.
 20821 | Lair:2   | Noticed a six-headed hydra
 20828 | Lair:2   | Killed a six-headed hydra
 20943 | Lair:2   | Received a gift from Yredelemnul (a wight)
 21902 | Lair:3   | Found a staircase to the Snake Pit.
 22460 | Lair:4   | Noticed a death yak
 22463 | Lair:4   | Noticed a death yak
 22464 | Lair:4   | Noticed a death yak
 22465 | Lair:4   | Noticed a death yak
 22469 | Lair:3   | Killed a death yak
 22488 | Lair:3   | Killed a death yak
 22540 | Lair:3   | Killed a death yak
 22541 | Lair:3   | Gained mutation: Spells you cast may paralyse nearby
                  | enemies. [demonic ancestry]
 22541 | Lair:3   | Reached XP level 13. HP: 74/101 MP: 18/18
 22648 | Lair:4   | Found a staircase to the Swamp.
 23730 | Lair:5   | Found a viscous altar of Jiyva.
 23730 | Lair:5   | Found a staircase to the Slime Pits.
 23761 | Lair:5   | Reached skill level 10 in Fighting
 23839 | Lair:5   | Received a gift from Yredelemnul (a wight)
 24036 | Lair:5   | Received a gift from Yredelemnul (a wight)
 24167 | Lair:5   | Identified the +1 ring mail of the Orb Guardian {Contam rF+
                  | rC+ Dex+3}
 24218 | Lair:5   | Received a gift from Yredelemnul (a vampire)
 24334 | Lair:5   | Reached XP level 14. HP: 113/113 MP: 20/20
 25248 | D:13     | Received a gift from Yredelemnul (a phantasmal warrior)
 25253 | D:13     | Reached ***** piety under Yredelemnul
 25568 | D:13     | Received a gift from Yredelemnul (a phantasmal warrior)
 26236 | D:14     | Cast into level 3 of the Abyss (a wizard)
 26241 | Abyss:3  | Found a corrupted altar of Lugonu.
 26266 | D:14     | Escaped the Abyss
 26508 | D:14     | Cast into level 2 of the Abyss (a wizard)
 26586 | Abyss:2  | Noticed a ghoul
 26589 | Abyss:2  | Reached skill level 10 in Invocations
 26654 | Abyss:2  | Noticed a tentacled starspawn
 26665 | Abyss:2  | Killed a tentacled starspawn
 26756 | Abyss:2  | Noticed a green very ugly thing
 26758 | Abyss:2  | Noticed a green very ugly thing
 26760 | Abyss:2  | Noticed a green very ugly thing
 26762 | Abyss:2  | Noticed a green very ugly thing
 26976 | Abyss:2  | Noticed a tentacled starspawn
 27001 | Abyss:2  | Slain by a thrashing horror

Illustrated notes

Levels and vault maps discovered:
D:1:      eino_arrival_tree_alley, layout_loops_ring,
          kennysheep_decorative_pillar, minmay_misc_feat_alley
D:2:      layout_basic, shapermc_ecumenical_altar_flowoftime,
          roderic_roman_lattice
D:3:      layout_basic, portal_sewer_entry_a
D:4:      minmay_wonky_spiral, layout_basic, serial_corexii_hall,
          corexii_hall_statues_t, chequers_hall_statues_corner_a, uniq_pikel
D:5:      layout_basic, minmay_temple_entry_stoned_glass, serial_glass,
          glass_columns_b, glass_columns_a, glass_columns_a, glass_columns_c,
          feat_on_display, feat_on_display, item_on_display_a,
          due_unseen_surprise
D:6:      layout_loops_ring, uniq_crazy_yiuf_cottage, uniq_grinder
D:7:      layout_rooms, serial_co_window_serial, co_window_paths_b,
          co_window_of_opportunity_a, co_window_cross_1, co_window_corner_a,
          co_window_paths_b, co_window_paths_a, co_window_unsneaky_path_d,
          co_window_of_opportunity_b, co_window_corner_ca, co_window_cross_4,
          co_window_paths_d, co_window_4corner_b, glass_columns_a,
          glass_columns_c, grunt_potential
D:8:      layout_loops_corners, lemuel_coloured_pillars_altar, enter_bailey_5
D:9:      layout_rooms, hex_large, uniq_psyche
D:10:     layout_cave_pools, david_orc_1_choice,
          nicolae_trove_entry_path_of_doom, nicolae_benzene_ring, uniq_erica,
          uniq_maurice
D:11:     layout_grid_maze, dpeg_oklobed_lair, minivault_7
D:12:     layout_loops_ring, gammafunk_ghost_hydra_chop,
          minmay_mirror_moons_of_madness
D:13:     layout_big_octagon
D:14:     layout_rooms, grunt_vaults_entry_fortified, nicolae_ru_path_of_blood,
          pdpol_wu_jian_five_deadly_venoms
Temple:   grunt_wide_crystal_templ
Lair:1:   layout_loops_ring, gauntlet_entry_generic,
          grunt_forest_large_clearing_hut
Lair:2:   layout_roguey, gammafunk_ghost_icy, columned_hall_lemuel,
          serial_bayou_shore_a
Lair:3:   layout_cave_pods, minmay_snake_entry_spellcaster
Lair:4:   layout_regular_city, swamp_mist_pool, nicolae_lair_yak_garden
Lair:5:   onia_ninara_swampy_vault, layout_gridlike, slime_altar_1,
          beast_lair_carwin_8, minmay_lair_oklob_chamber
Abyss:2:  base: Lair:3, evilmike_abyss_exit_chaos, hangedman_decor_peaks_small,
          abyss_furniture_001, bh_abyss_exit_spiral

Skill      XL: |  1  2  3  4  5  6  7  8  9 10 11 12 13 14 |
---------------+-------------------------------------------+-----
Polearms       | 2 3 4 5 6 |  6.0
Fighting       | 4 5 6 9 11 12 | 12.0
Armour         | 3 6 7 9 |  9.0
Dodging        | 2 4 5 6 7 9 |  9.0
Unarmed Combat | 2 6 9 11 12 | 12.0
Invocations    | 4 7 9 11 | 11.0
Evocations     | 3 5 6 7 |  7.0
Shields        | 6 |  6.3

Action                   |  1- 3 |  4- 6 |  7- 9 | 10-12 | 13-15 || total
-------------------------+-------+-------+-------+-------+-------++-------
Melee: Trident           |   132 |   284 |   440 |   266 |    16 ||  1138
       Unarmed           |       |       |       |   563 |   345 ||   908
 Fire: Hand crossbow     |       |    17 |    37 |    82 |   122 ||   258
       Hunting sling     |       |     5 |       |       |       ||     5
Throw: Stone             |     2 |       |       |       |       ||     2
       Boomerang         |       |     2 |     1 |     1 |       ||     4
Invok: Animate Remains   |       |       |    14 |    12 |       ||    26
       Animate Dead      |       |       |       |    43 |    39 ||    82
       Recall Undead Sla |       |       |       |     4 |       ||     4
Evoke: Wand              |       |       |       |     7 |    11 ||    18
  Use: Potion            |     1 |     4 |     3 |     6 |     2 ||    16
       Scroll            |       |     4 |     8 |    22 |     6 ||    40
 Stab: Distracted        |       |       |     1 |     8 |     8 ||    17
       Invisible         |       |       |       |     2 |       ||     2
Armor: Scale mail        |    50 |    53 |       |       |       ||   103
       Plate armour      |       |    37 |   197 |    60 |       ||   294
       Skin              |       |    13 |       |       |       ||    13
       Gold dragon scale |       |       |       |   499 |   220 ||   719
Dodge: Dodged            |    35 |    59 |    72 |   234 |   141 ||   541
Block: Kite shield       |    88 |   168 |   327 |   766 |   343 ||  1692

Table legend: (Time is in decaauts)
 A = Elapsed time spent in this place.
 B = Non-inter-level travel time spent in this place.
 C = Inter-level travel time spent in this place.
 D = Time resting spent in this place.
 E = Time spent auto-exploring this place.
 F = Levels seen in this place.
 G = Mean time per level.
                   A        B        C        D        E       F      G
               +--------+--------+--------+--------+--------+-----+--------+
         Total |  27683 |  26535 |   1148 |   7793 |  12630 |  24 | 1153.5 |
       Dungeon |  19735 |  18936 |    799 |   6774 |   8441 |  14 | 1409.6 |
        Temple |     88 |     56 |     32 |      0 |     55 |   1 |   88.0 |
          Lair |   5858 |   5542 |    316 |    503 |   3883 |   5 | 1171.6 |
         Abyss |    529 |    529 |      0 |    159 |     19 |   2 |  264.5 |
         Sewer |    921 |    921 |      0 |    127 |    231 |   1 |  921.0 |
        Bailey |    550 |    550 |      0 |    228 |      0 |   1 |  550.0 |
               +--------+--------+--------+--------+--------+-----+--------+

Top non-repeatable levels by time:
    D:11: 2975 daAuts
     D:7: 2253 daAuts
    D:10: 1779 daAuts
     D:4: 1729 daAuts
     D:2: 1651 daAuts
    D:12: 1633 daAuts
  Lair:1: 1409 daAuts
     D:8: 1348 daAuts
  Lair:5: 1243 daAuts
     D:6: 1235 daAuts
  Lair:3: 1211 daAuts
     D:9: 1151 daAuts
  Lair:4: 1117 daAuts
     D:1: 994 daAuts
   Sewer: 921 daAuts
